 Dungeon Crawl Stone Soup version 0.29.1-15-g9cfb28693d (webtiles) character file.

Game seed: 1780101939527933743

81 croobank the Firebug (level 4, -5/30 HPs)
             Began as a Demonspawn Fire Elementalist on Mar 19, 2023.
             Slain by an ogre
             ... wielding a +0 giant club
              (35 damage)
             ... on level 4 of the Dungeon.
             The game lasted 00:06:11 (3565 turns).

croobank the Firebug (Demonspawn Fire Elementalist) Turns: 3565, Time: 00:06:12

Health: -5/30      AC:  2    Str:  9    XL:     4   Next: 19%
Magic:  0/7        EV: 12    Int: 18    God:
Gold:   123        SH:  0    Dex: 13    Spells: 3/8 levels left

rFire   . . .      SeeInvis .   c - +0 mace
rCold   . . .      Faith    .   (no shield)
rNeg    . . .      Spirit   .   a - +0 robe
rPois   .          Reflect  .   (helmet restricted)
rElec   .          Harm     .   (no cloak)
rCorr   .          Rampage  .   (no gloves)
Will    .....                   (no boots)
Stlth   ++........              (no amulet)
HPRegen 0.10/turn               (no ring)
MPRegen 0.10/turn               (no ring)

@: very slightly contaminated
A: horns 1, ignite blood 1
a: no special abilities


You were on level 4 of the Dungeon.
You visited 1 branch of the dungeon, and saw 4 of its levels.

You collected 123 gold pieces.

Inventory:

Hand Weapons
 c - a +0 mace (weapon)
 f - a +0 dagger
 g - a +0 hand axe
 u - a +0 war axe
Missiles
 j - a throwing net
 n - 5 javelins
 r - 10 poisoned darts
Armour
 a - a +0 robe (worn)
Jewellery
 k - an amulet of reflection
 w - a ring of protection from cold
Scrolls
 d - a scroll of enchant armour {unknown}
 h - 2 scrolls of fog {unknown}
 p - a scroll of identify {unknown}
 s - a scroll of torment {unknown}
 t - a scroll of noise {unknown}
 v - a scroll of teleportation {unknown}
Potions
 b - 2 potions of magic
 e - a potion of ambrosia {unknown}
 i - a potion of curing {unknown}
 l - a potion of cancellation {unknown}
 m - 2 potions of attraction {unknown}
 o - a potion of heal wounds {unknown}
 q - 2 potions of mutation {unknown}


   Skills:
 * Level 0.2 Fighting
 + Level 2.3 Dodging
 + Level 2.4 Stealth
 + Level 2.5 Spellcasting
 + Level 1.8 Conjurations
 + Level 3.1 Fire Magic
 + Level 0.0 Air Magic
 + Level 0.2 Poison Magic


You had 3 spell levels left.
You knew the following spells:

 Your Spells              Type           Power      Damage    Failure   Level
a - Foxfire               Conj/Fire      44%        2x1d6     6%          1
b - Scorch                Fire           26%        2d6       7%          2
c - Poisonous Vapours     Pois/Air       4%         N/A       24%         2

Your spell library contained the following spells:

 Spells                   Type           Power      Damage    Failure   Level
 Freeze                   Ice            8%         1d3       17%         1
 Static Discharge         Conj/Air       5%         3-4/arc   17%         2
 Conjure Flame            Conj/Fire      11%        6-21      19%         3
 Inner Flame              Hex/Fire       7%         N/A       26%         3
 Frozen Ramparts          Ice            4%         1d1       45%         3
 Flame Wave               Conj/Fire      11%        2d6       52%         4
 Sticky Flame             Conj/Fire      11%        2d3       52%         4
 Hailstorm                Conj/Ice       5%         3d4       75%         4
 Corpse Rot               Necr/Pois/Air  2%         N/A       86%         4
 Dispel Undead            Necr           2%         3d7       86%         4


Dungeon Overview and Level Annotations

Branches:
Dungeon (4/15)
 Temple: D:4-7

Altars:


Innate Abilities, Weirdness & Mutations

You have a pair of small horns on your head.
Your demonic aura sometimes causes spilled blood to erupt in flames.


Message History

You climb downwards.
There is a stone staircase leading up here.
Casting: Scorch (safe; 7% risk of failure)
Confirm with . or Enter, or press ? or * to list all spells.
You conjure some foxfire!
The foxfire hits the ogre.
The ogre is lightly wounded.
The ogre shouts!
The foxfire hits the ogre.
The ogre is moderately wounded.
Casting: Foxfire (safe; 6% risk of failure)
Confirm with . or Enter, or press ? or * to list all spells.
You conjure some foxfire!
Casting: Foxfire (safe; 6% risk of failure)
Confirm with . or Enter, or press ? or * to list all spells.
You miscast Scorch.
You are very lightly contaminated with residual magic.
Nothing appears to happen.
The foxfire hits the ogre.
The ogre is moderately wounded.
The foxfire hits the ogre.
The ogre is heavily wounded.
A phantom comes into view.
Casting: Scorch (safe; 7% risk of failure)
Confirm with . or Enter, or press ? or * to list all spells.
You miscast Scorch.
Nothing appears to happen.
Casting: Scorch (safe; 7% risk of failure)
Confirm with . or Enter, or press ? or * to list all spells.
You don't have enough magic to cast this spell.
Casting: Scorch (safe; 7% risk of failure)
Confirm with . or Enter, or press ? or * to list all spells.
You conjure some foxfire!
The ogre closely misses you.
You hit the ogre.
The ogre is heavily wounded.
The foxfire hits the ogre.
The ogre is severely wounded.
The foxfire hits the ogre.
The ogre is severely wounded.
The ogre hits you with a +0 giant club!!
Ouch! That really hurt!
You die...

########
#.§@...#
#.§.O..#
#..........
.........###
#.....W...#
#............
#.#..###.#####
..##. .#


You could see an ogre and a phantom.

Vanquished Creatures
  An adder (D:3)
  A worm (D:3)
  An orc (D:3)
  2 ball pythons
  6 endoplasms
  7 giant cockroaches
  8 goblins
  6 hobgoblins
  4 quokkas
  7 bats
  4 frilled lizards
  6 kobolds
  7 rats
60 creatures vanquished.

Vanquished Creatures (collateral kills)
  4 foxfires
4 creatures vanquished.

Vanquished Creatures (others)
  3 demonic plants (D:1)
  150 foxfires
  5 fungi (D:1)
  4 plants (D:1)
  A withered plant (D:1)
163 creatures vanquished.

Grand Total: 227 creatures vanquished

Notes
Turn   | Place    | Note
-------+----------+-------------------------------------------
     0 | D:1      | croobank the Demonspawn Fire Elementalist began the quest
                  | for the Orb.
     0 | D:1      | Reached XP level 1. HP: 13/13 MP: 3/3
   228 | D:1      | Found a faded altar of an unknown god.
   377 | D:1      | Gained mutation: Your demonic aura sometimes causes spilled
                  | blood to erupt in flames. [demonic ancestry]
   377 | D:1      | Reached XP level 2. HP: 19/19 MP: 1/5
   442 | D:1      | Learned a level 2 spell: Scorch
  1590 | D:2      | Reached XP level 3. HP: 24/24 MP: 6/6
  1821 | D:2      | Reached skill level 3 in Fire Magic
  2556 | D:3      | Learned a level 2 spell: Poisonous Vapours
  2787 | D:3      | Gained mutation: You have a pair of small horns on your
                  | head. [demonic ancestry]
  2787 | D:3      | Reached XP level 4. HP: 30/30 MP: 4/7
  3510 | D:4      | Noticed an ogre
  3562 | D:4      | Noticed a phantom
  3565 | D:4      | Slain by an ogre

Illustrated notes

Levels and vault maps discovered:
D:1:      scummos_arrival_forest, layout_basic, serial_curves, eino_curves_04,
          eino_curves_01, shapermc_ecumenical_altar_gd
D:2:      minmay_recursive_quarters, layout_rooms, serial_forest,
          infiniplex_forest_lined_room_, infiniplex_forest_corner_2,
          infiniplex_forest_clump_small, infiniplex_forest_clump_small
D:3:      layout_loops_corners
D:4:      layout_rooms, uniq_eustachio

Skill      XL: |  1  2  3 |
---------------+----------+-----
Stealth        | 2 |  2.4
Dodging        | 2 |  2.3
Fire Magic     | 3 |  3.1
Fighting       | |  0.2
Spellcasting   | |  2.5
Conjurations   | |  1.8
Poison Magic   | |  0.2

Action                   |  1- 3 |  4- 6 || total
-------------------------+-------+-------++-------
Melee: Mace              |    10 |     2 ||    12
 Cast: Foxfire           |    76 |    11 ||    87
       Scorch            |     8 |     7 ||    15
 Stab: Sleeping          |     2 |       ||     2
Armor: Robe              |     3 |     4 ||     7
Dodge: Dodged            |     7 |     9 ||    16
